HSSL
MOUNTAIN POINTE HS @ OVERLAND PARK HS TRIPLETS
05/06/2025
 
TOP OF THE 1ST
Mountain Pointe HS batting - Pitching for Overland Park HS Triplets : RHP Jim Grant
Pitching: RHP Jim Grant
Batting: RHB Scott Dixon 0-0: Ball
1-0: DOUBLE (Line Drive, 5L)
Batting: RHB John Howell 0-0: Called Strike
0-1: Called Strike
0-2: Foul Ball, location: 2F
0-2: Foul Ball, location: 2F
0-2: Ball
1-2: Strikes out swinging
Batting: RHB Troy Legge 0-0: Ball
Scott Dixon steals 3rd base
1-0: Foul Ball, location: 2F
1-1: Ball
2-1: Swinging Strike
2-2: Strikes out swinging
Batting: RHB Marshall Gross 0-0: Ball
1-0: Ball
2-0: Called Strike
2-1: Ball
Wild Pitch!
Scott Dixon scores
3-1: SOLO HOME RUN (Flyball, 7LD), Distance : 343 ft
Batting: RHB Harry Edwards 0-0: Ball
1-0: Ball
2-0: Ball
3-0: Called Strike
3-1: Called Strike
3-2: Strikes out swinging
Top of the 1st over - 2 run(s), 2 hit(s), 0 error(s), 0 left on base; Mountain Pointe HS 2 - Overland Park HS 0
BOTTOM OF THE 1ST
Overland Park HS Triplets batting - Pitching for Mountain Pointe HS : LHP Josh Fritz
Pitching: LHP Josh Fritz
Batting: LHB John Washington 0-0: Ball
1-0: Ball
2-0: Foul Ball, location: 2F
2-1: Ball
3-1: Foul Ball, location: 2F
3-2: Foul Ball, location: 2F
3-2: SINGLE (Groundball, 6MD) (infield hit)
Batting: RHB Ben Simpson 0-0: Ball
Pickoff Throw to First - Error! E1
John Washington to second
1-0: Swinging Strike
1-1: Ball
2-1: Called Strike
2-2: Foul Ball, location: 2F
2-2: Foul Ball, location: 2F
2-2: Strikes out swinging
Batting: RHB Manuel Espinosa 0-0: Swinging Strike
0-1: Ball
1-1: Foul Ball, location: 2F
1-2: Fly out, F7 (Flyball, 7LD)
Batting: RHB Edgardo Morales 0-0: Called Strike
0-1: Ball
1-1: Foul Ball, location: 2F
1-2: Ball
2-2: SINGLE (Groundball, 6MD)
John Washington to third
Runner from 3rd tries for Home, SAFE, no throw or cutoff
Batting: RHB Simon Plante 0-0: Ball
1-0: Ball
2-0: Called Strike
2-1: Ball
3-1: Ground out 4-3 (Groundball, 4)
Bottom of the 1st over - 1 run(s), 2 hit(s), 1 error(s), 1 left on base; Mountain Pointe HS 2 - Overland Park HS 1
TOP OF THE 2ND
Mountain Pointe HS batting - Pitching for Overland Park HS Triplets : RHP Jim Grant
Batting: LHB Brian Turner 0-0: Fly out, F6 (Popup, 6D)
Batting: RHB Ambrosio Hernández 0-0: Ball
1-0: Called Strike
1-1: Ball
2-1: Ball
3-1: Base on Balls
Batting: RHB Ángel Torres 0-0: Foul Ball, location: 2F
0-1: Ball
1-1: Ball
2-1: Ball
3-1: Base on Balls
Ambrosio Hernández to second
Batting: RHB Charlie Pérez 0-0: Ball
1-0: Called Strike
1-1: Fly out, F5 (Popup, 5SF)
Batting: RHB Scott Dixon 0-0: Called Strike
0-1: Called Strike
0-2: Ball
1-2: Strikes out swinging
Top of the 2nd over - 0 run(s), 0 hit(s), 0 error(s), 2 left on base; Mountain Pointe HS 2 - Overland Park HS 1
BOTTOM OF THE 2ND
Overland Park HS Triplets batting - Pitching for Mountain Pointe HS : LHP Josh Fritz
Batting: RHB T.J. Kaufman 0-0: Ground out 6-3 (Groundball, 6)
Batting: RHB Preston Church 0-0: Called Strike
Single, Error in OF, E7, batter to second base
Batting: RHB Nicolas Fillion 0-0: Called Strike
0-1: Ball
1-1: Fly out, F4 (Popup, 8LS)
Batting: RHB Lorne McClain 0-0: Fly out, F9 (Flyball, 9M)
Bottom of the 2nd over - 0 run(s), 1 hit(s), 1 error(s), 1 left on base; Mountain Pointe HS 2 - Overland Park HS 1
TOP OF THE 3RD
Mountain Pointe HS batting - Pitching for Overland Park HS Triplets : RHP Jim Grant
Batting: RHB John Howell 0-0: Ball
1-0: Foul Ball, location: 2F
1-1: SINGLE (Groundball, 56D)
Batting: RHB Troy Legge 0-0: Fielders Choice at 2nd, 2-6 (Groundball, 2L)
Batting: RHB Marshall Gross 0-0: Ball
1-0: Called Strike
1-1: Ball
2-1: Called Strike
2-2: Fly out, F8 (Flyball, 8RM)
Batting: RHB Harry Edwards 0-0: Ball
1-0: Swinging Strike
1-1: Ball
2-1: Ball
3-1: Base on Balls
Troy Legge to second
Batting: LHB Brian Turner 0-0: Called Strike
0-1: Foul Ball, location: 2F
0-2: Ball
1-2: Foul Ball, location: 2F
1-2: Strikes out swinging
Top of the 3rd over - 0 run(s), 1 hit(s), 0 error(s), 2 left on base; Mountain Pointe HS 2 - Overland Park HS 1
BOTTOM OF THE 3RD
Overland Park HS Triplets batting - Pitching for Mountain Pointe HS : LHP Josh Fritz
Batting: LHB John Washington 0-0: Ground out 1-3 (Groundball, 23)
Batting: RHB Ben Simpson 0-0: Ball
1-0: Ball
2-0: Called Strike
2-1: Ball
3-1: Base on Balls
Batting: RHB Manuel Espinosa 0-0: Ball
1-0: Ball
2-0: SINGLE (Groundball, 5)
Ben Simpson to second
Batting: RHB Edgardo Morales 0-0: Ball
1-0: Ball
Balk!
Ben Simpson to third
Manuel Espinosa to second
2-0: Ground out 6-3 (Groundball, 6M)
Ben Simpson scores
Manuel Espinosa to third
Batting: RHB Simon Plante 0-0: Called Strike
0-1: Fly out, F9 (Flyball, 89M)
Bottom of the 3rd over - 1 run(s), 1 hit(s), 0 error(s), 1 left on base; Mountain Pointe HS 2 - Overland Park HS 2
TOP OF THE 4TH
Mountain Pointe HS batting - Pitching for Overland Park HS Triplets : RHP Jim Grant
Batting: RHB Ambrosio Hernández 0-0: Swinging Strike
0-1: Foul Ball, location: 2F
0-2: Ball
1-2: Ball
2-2: Foul Ball, location: 2F
2-2: Strikes out swinging
Batting: RHB Ángel Torres 0-0: Called Strike
0-1: Ball
1-1: Called Strike
1-2: Ball
2-2: Strikes out swinging
Batting: RHB Charlie Pérez 0-0: Ball
1-0: Ball
2-0: Ball
3-0: Base on Balls
Batting: RHB Scott Dixon 0-0: Ball
1-0: Swinging Strike
1-1: Called Strike
1-2: Ball
Charlie Pérez steals 2nd base
2-2: Strikes out looking
Top of the 4th over - 0 run(s), 0 hit(s), 0 error(s), 1 left on base; Mountain Pointe HS 2 - Overland Park HS 2
BOTTOM OF THE 4TH
Overland Park HS Triplets batting - Pitching for Mountain Pointe HS : LHP Josh Fritz
Batting: RHB T.J. Kaufman 0-0: Ball
1-0: Fly out, F8 (Flyball, 8RM)
Batting: RHB Preston Church 0-0: Swinging Strike
0-1: Foul Ball, location: 2F
0-2: SINGLE (Line Drive, 7LS)
Batting: RHB Nicolas Fillion 0-0: Ball
1-0: Swinging Strike
1-1: Foul Ball, location: 2F
1-2: Ball
2-2: Ball
3-2: Foul Ball, location: 2F
3-2: Strikes out swinging
Batting: RHB Lorne McClain 0-0: Ball
1-0: Foul Ball, location: 2F
1-1: Ball
2-1: Ball
3-1: Called Strike
3-2: Foul Ball, location: 2F
3-2: SINGLE (Groundball, 34D)
Preston Church to second
Preston Church to third
Batting: LHB John Washington 0-0: Ball
1-0: DOUBLE (Line Drive, 9D)
Preston Church scores
Lorne McClain to third
Batting: RHB Ben Simpson 0-0: Called Strike
0-1: Swinging Strike
0-2: Ball
1-2: Foul Ball, location: 2F
1-2: Strikes out looking
Bottom of the 4th over - 1 run(s), 3 hit(s), 0 error(s), 2 left on base; Mountain Pointe HS 2 - Overland Park HS 3
TOP OF THE 5TH
Mountain Pointe HS batting - Pitching for Overland Park HS Triplets : RHP Jim Grant
Pitching: RHP Will Shelley
Batting: RHB John Howell 0-0: Called Strike
0-1: Fly out, F9 (Flyball, 9LM)
Batting: RHB Troy Legge 0-0: Called Strike
0-1: Called Strike
0-2: Foul Ball, location: 2F
0-2: Strikes out swinging
Batting: RHB Marshall Gross 0-0: Called Strike
0-1: Called Strike
0-2: Ground out 4-3 (Groundball, 4M)
Top of the 5th over - 0 run(s), 0 hit(s), 0 error(s), 0 left on base; Mountain Pointe HS 2 - Overland Park HS 3
BOTTOM OF THE 5TH
Overland Park HS Triplets batting - Pitching for Mountain Pointe HS : LHP Josh Fritz
Batting: RHB Manuel Espinosa 0-0: Called Strike
0-1: Called Strike
0-2: Ball
1-2: Fly out, F8 (Flyball, 8LM)
Batting: RHB Edgardo Morales 0-0: Called Strike
0-1: Ball
1-1: Ball
2-1: Ball
3-1: Base on Balls
Pitching: RHP Carlos Zamora
Batting: RHB Simon Plante 0-0: Ball
1-0: SINGLE (Line Drive, 89S)
Edgardo Morales to second
Batting: RHB T.J. Kaufman 0-0: Ball
1-0: Called Strike
1-1: Swinging Strike
1-2: Ground out U3 (Groundball, 3S)
Edgardo Morales to third
Simon Plante to second
Batting: RHB Preston Church 0-0: Fly out, F8 (Flyball, 8RXD)
Bottom of the 5th over - 0 run(s), 1 hit(s), 0 error(s), 2 left on base; Mountain Pointe HS 2 - Overland Park HS 3
TOP OF THE 6TH
Mountain Pointe HS batting - Pitching for Overland Park HS Triplets : RHP Will Shelley
Batting: RHB Harry Edwards 0-0: Ground out 4-3 (Groundball, 4)
Batting: LHB Brian Turner 0-0: Called Strike
0-1: Reached on error, E4 (Groundball, 4)
Batting: RHB Ambrosio Hernández 0-0: Ball
1-0: Ball
2-0: Ball
3-0: Called Strike
3-1: Foul Ball, location: 2F
3-2: Base on Balls
Batting: RHB Ángel Torres 0-0: Ball
1-0: Called Strike
1-1: Ball
2-1: Swinging Strike
2-2: Foul Ball, location: 2F
2-2: Strikes out swinging
Batting: RHB Charlie Pérez 0-0: Ball
1-0: Called Strike
1-1: Ball
2-1: Ball
3-1: Fly out, F9 (Flyball, 89D)
Top of the 6th over - 0 run(s), 0 hit(s), 1 error(s), 2 left on base; Mountain Pointe HS 2 - Overland Park HS 3
BOTTOM OF THE 6TH
Overland Park HS Triplets batting - Pitching for Mountain Pointe HS : RHP Carlos Zamora
Batting: RHB Nicolas Fillion 0-0: Ball
1-0: Fly out, F9 (Flyball, 9M)
Batting: RHB Lorne McClain 0-0: Foul Ball, location: 2F
0-1: Ground out 5-3 (Groundball, 56S)
Batting: LHB John Washington 0-0: SINGLE (Flyball, 7LS)
Batting: RHB Ben Simpson 0-0: Ball
John Washington is caught stealing 2nd base
Bottom of the 6th over - 0 run(s), 1 hit(s), 0 error(s), 0 left on base; Mountain Pointe HS 2 - Overland Park HS 3
TOP OF THE 7TH
Mountain Pointe HS batting - Pitching for Overland Park HS Triplets : RHP Will Shelley
Pitching: LHP Christian Barnes
Batting: RHB Scott Dixon 0-0: Swinging Strike
0-1: Foul Ball, location: 2F
0-2: Strikes out looking
Batting: RHB John Howell 0-0: Called Strike
0-1: Ball
1-1: Called Strike
1-2: Strikes out looking
Batting: RHB Troy Legge 0-0: Ball
1-0: Ball
2-0: Ball
3-0: Called Strike
3-1: Called Strike
3-2: TRIPLE (Line Drive, 8LM)
Batting: RHB Marshall Gross 0-0: Called Strike
0-1: Called Strike
0-2: Ball
1-2: DOUBLE (Flyball, 8LD)
Troy Legge scores
Batting: RHB Harry Edwards 0-0: Ball
1-0: Called Strike
1-1: Called Strike
1-2: Foul Ball, location: 2F
1-2: Strikes out swinging
Top of the 7th over - 1 run(s), 2 hit(s), 0 error(s), 1 left on base; Mountain Pointe HS 3 - Overland Park HS 3
BOTTOM OF THE 7TH
Overland Park HS Triplets batting - Pitching for Mountain Pointe HS : RHP Carlos Zamora
Batting: RHB Ben Simpson 0-0: Ball
1-0: Ground out 6-3 (Groundball, 6)
Pitching: RHP Rick James
Batting: RHB Manuel Espinosa 0-0: Ball
1-0: Ball
2-0: Foul Ball, location: 2F
2-1: Called Strike
2-2: Ball
3-2: SINGLE (Line Drive, 8LS)
Batting: RHB Edgardo Morales 0-0: Ball
1-0: Ball
2-0: Swinging Strike
2-1: Foul Ball, location: 2F
2-2: Strikes out swinging
Batting: RHB Simon Plante 0-0: Called Strike
0-1: Called Strike
0-2: Strikes out swinging
Bottom of the 7th over - 0 run(s), 1 hit(s), 0 error(s), 1 left on base; Mountain Pointe HS 3 - Overland Park HS 3
TOP OF THE 8TH
Mountain Pointe HS batting - Pitching for Overland Park HS Triplets : LHP Christian Barnes
Batting: LHB Brian Turner 0-0: Called Strike
0-1: Hit by Pitch
Batting: RHB Ambrosio Hernández 0-0: Bunt missed!
0-1: Sac Bunt - play at second, runner OUT! 1-6
Batting: RHB Ángel Torres 0-0: Ball
Ambrosio Hernández is caught stealing 2nd base
1-0: Ground out 6-3 (Groundball, 6M)
Top of the 8th over - 0 run(s), 0 hit(s), 0 error(s), 0 left on base; Mountain Pointe HS 3 - Overland Park HS 3
BOTTOM OF THE 8TH
Overland Park HS Triplets batting - Pitching for Mountain Pointe HS : RHP Rick James
Batting: RHB T.J. Kaufman 0-0: Ball
1-0: Fly out, F7 (Line Drive, 7M)
Batting: RHB Preston Church 0-0: Foul Ball, location: 2F
0-1: Ball
1-1: Ball
2-1: Called Strike
2-2: Ball
3-2: Base on Balls
Batting: RHB Nicolas Fillion 0-0: Ball
1-0: Foul Ball, location: 2F
1-1: Called Strike
1-2: Ball
2-2: Ball
3-2: Foul Ball, location: 2F
3-2: SINGLE (Popup, 8RS)
Preston Church to second
Batting: RHB Lorne McClain 0-0: Ball
1-0: Reached on error, E5 (Groundball, 5)
Preston Church to third
Nicolas Fillion to second
Batting: LHB John Washington 0-0: Ball
1-0: Ball
2-0: Ball
3-0: Called Strike
3-1: Swinging Strike
3-2: Foul Ball, location: 2F
3-2: SINGLE (Line Drive, 3D)
Preston Church scores
Nicolas Fillion to third
Lorne McClain to second
Batting: RHB Ben Simpson 0-0: Ball
1-0: Ball
2-0: Fly out, F4 (Popup, 34D)
Pitching: RHP Tom Emery
Batting: RHB Manuel Espinosa 0-0: Called Strike
0-1: Foul Ball, location: 2F
0-2: Strikes out swinging
Bottom of the 8th over - 1 run(s), 2 hit(s), 1 error(s), 3 left on base; Mountain Pointe HS 3 - Overland Park HS 4
TOP OF THE 9TH
Mountain Pointe HS batting - Pitching for Overland Park HS Triplets : LHP Christian Barnes
Pitching: RHP Rafael Luna
Batting: RHB Charlie Pérez 0-0: Called Strike
0-1: Swinging Strike
0-2: Strikes out swinging
Batting: RHB Scott Dixon 0-0: Ball
1-0: Swinging Strike
1-1: Fly out, F8 (Line Drive, 8LM)
Batting: RHB John Howell 0-0: Called Strike
0-1: Foul Ball, location: 2F
0-2: Ball
1-2: Ball
2-2: SINGLE (Line Drive, 7LS)
Batting: RHB Troy Legge 0-0: Ball
1-0: Foul Ball, location: 2F
1-1: Fly out, F7 (Flyball, 7M)
Top of the 9th over - 0 run(s), 1 hit(s), 0 error(s), 1 left on base; Mountain Pointe HS 3 - Overland Park HS 4
This league is powered by Out of the Park Baseball, the baseball management simulation game for PC, Mac and Linux
Tuesday, August 2nd, 2016 - OOTP Baseball 16.8 Build 38